 Dungeon Crawl Stone Soup version 0.30-a0-722-g3e6e8c874d (webtiles) character file.

Game seed: 5847800372996775127

16 jimonade the Sneak (level 2, -1/17 HPs)
             Began as a Vampire Brigand on Jan 28, 2023.
             Slain by a kobold
             ... wielding a +0 dagger
              (2 damage)
             ... on level 2 of the Dungeon.
             The game lasted 00:02:39 (952 turns).

jimonade the Sneak (Vampire Brigand)                 Turns: 952, Time: 00:02:40

Health: -1/17      AC:  3    Str: 10    XL:     2   Next: 37%
Magic:  2/2        EV: 12    Int: 13    God:
Gold:   52         SH:  0    Dex: 15    Spells: 1/1 levels left

rFire   . . .      SeeInvis +    a - +2 dagger
rCold   + + .      Faith    .    (no shield)
rNeg    + + +      Spirit   .    b - +0 robe
rPois   ∞          Reflect  .    (no helmet)
rElec   .          Harm     .    c - +0 cloak
rCorr   .          Rampage  .    (no gloves)
Will    .....                    (no boots)
Stlth   +++++                    (no amulet)
HPRegen 0.00/turn                (no ring)
MPRegen 0.08/turn                (no ring)

@: bloodless, inhibited regen
A: bloodless, fangs 3, see invisible, vampiric 1
a: Revivify


You were on level 2 of the Dungeon.
You visited 1 branch of the dungeon, and saw 2 of its levels.

You collected 52 gold pieces.

Inventory:

Hand Weapons
 a - a +2 dagger (weapon)
 f - a +0 short sword
 n - a +0 dagger
Missiles
 d - 9 poisoned darts (quivered)
 e - 3 curare-tipped darts
Armour
 b - a +0 robe (worn)
 c - a +0 cloak (worn)
 m - a +0 ring mail
Jewellery
 g - a ring of resist corrosion
Scrolls
 h - 2 scrolls of identify {unknown}
 i - a scroll of vulnerability {unknown}
 j - a scroll of teleportation {unknown}
 o - a scroll of magic mapping {unknown}
 p - a scroll of immolation {unknown}
Potions
 k - a potion of cancellation {unknown}
 l - a potion of invisibility {unknown}


   Skills:
 + Level 1.9 Fighting
 + Level 2.2 Short Blades
 - Level 1.5 Throwing
 + Level 1.1 Dodging
 + Level 6.8 Stealth


You had one spell level left.
You didn't know any spells.
Your spell library was empty.

Dungeon Overview and Level Annotations

Branches:
Dungeon (2/15)

Altars:


Innate Abilities, Weirdness & Mutations

You do not regenerate when monsters are visible.
You are frail without blood (-20% HP).
You can heal yourself when you bite living creatures.
You are immune to poison.
You have razor-sharp teeth.
You have supernaturally acute eyesight. (SInv)
You are afflicted with vampirism.


Message History

You bite the ball python, but do no damage.
The ball python bites you. The ball python constricts you.
You hit the ball python. Your bite misses the ball python.
The ball python is severely wounded.
The ball python bites you. The ball python constricts you.
You hit the ball python but do no damage.
The ball python is moderately wounded.
The ball python closely misses you. The ball python constricts you.
You hit the ball python.
You kill the ball python!
The kobold closely misses you. x2; The kobold hits you with a +0 dagger.
Things that are here:
a +0 club; a book of the Moon The kobold attacks as you move away!
The kobold hits you with a +0 dagger.
You closely miss the kobold. The kobold closely misses you.
You hit the kobold. You bite the kobold.
You kill the kobold!
You hit the kobold but do no damage. The kobold hits you with a +0 dagger.
You are too injured to fight recklessly!
You are too injured to fight recklessly!
You barely miss the kobold. Your bite misses the kobold.
The kobold hits you with a +0 dagger.
* * * LOW HITPOINT WARNING * * *
You barely miss the kobold. Your bite misses the kobold.
The kobold hits you with a +0 dagger.
* * * LOW HITPOINT WARNING * * *
You completely miss the kobold. The kobold misses you.
You hit the kobold but do no damage. Your bite misses the kobold.
The kobold hits you with a +0 dagger.
* * * LOW HITPOINT WARNING * * *
You closely miss the kobold. The kobold hits you but does no damage.
You hit the kobold.
You kill the kobold!
You hit the kobold but do no damage. The kobold hits you with a +0 dagger.
* * * LOW HITPOINT WARNING * * *
You completely miss the kobold. Your bite misses the kobold.
The kobold closely misses you.
You hit the kobold but do no damage. The kobold barely misses you.
You closely miss the kobold. The kobold hits you with a +0 dagger.
You die...

...........?...###..##
#........###..).....#
####........###.########
.....[......##..#
##........#..##
#...(....#.##
#........#.#
#....)...#.#
#####........#@#
../....<.....#K#
######.#######)#
#..........#
######....... #.##.##...
... .#. ...# ##. . . ..#
. . . .#


You could see a kobold.

Vanquished Creatures
  An endoplasm (D:1)
  2 goblins (D:2)
  2 hobgoblins
  2 jackals (D:2)
  4 kobolds
  A ball python (D:2)
  A bat (D:1)
  A rat (D:1)
14 creatures vanquished.

Notes
Turn   | Place    | Note
-------+----------+-------------------------------------------
     0 | D:1      | jimonade the Vampire Brigand began the quest for the Orb.
     0 | D:1      | Reached XP level 1. HP: 16/16 MP: 1/1
    83 | D:1      | Reached skill level 6 in Stealth
   913 | D:2      | Reached XP level 2. HP: 17/17 MP: 2/2
   952 | D:2      | Slain by a kobold

Illustrated notes

Levels and vault maps discovered:
D:1:      evilmike_arrival_rings, layout_loops_ring, minmay_misc_feat_ornament
D:2:      minmay_chambers_of_ones, layout_rooms, minmay_distorted

Skill      XL: |  1 |
---------------+----+-----
Stealth        | 6 |  6.8
Fighting       | |  1.9
Short Blades   | |  2.2
Throwing       | |  1.5
Dodging        | |  1.1

Action                     || total
---------------------------++-------
  Melee: Dagger            ||    36
         Bite              ||     2
Ability: Exsanguinate      ||     1
   Stab: Sleeping          ||     6
 Armour: Robe              ||     3
  Dodge: Dodged            ||    14

Table legend: (Time is in decaauts)
 A = Elapsed time spent in this place.
 B = Non-inter-level travel time spent in this place.
 C = Inter-level travel time spent in this place.
 D = Time resting spent in this place.
 E = Time spent auto-exploring this place.
 F = Levels seen in this place.
 G = Mean time per level.
                   A        B        C        D        E       F      G
               +--------+--------+--------+--------+--------+-----+--------+
         Total |    947 |    829 |    118 |      0 |    717 |   2 |  473.5 |
       Dungeon |    947 |    829 |    118 |      0 |    717 |   2 |  473.5 |
               +--------+--------+--------+--------+--------+-----+--------+

Top non-repeatable levels by time:
     D:1: 891 daAuts
     D:2: 56 daAuts
